 Dungeon Crawl Stone Soup version 0.26-a0-682-g294304f6e8 (webtiles) character file.

Game seed: 13369593446235562006

1562 Kinoniko the Spear-Bearer (level 8, -1/78 HPs)
             Began as an Ogre Fighter on Oct 20, 2020.
             Was a Priest of Okawaru.
             Slain by a wight
             ... wielding a +2 morningstar of freezing
              (9 damage)
             ... on level 6 of the Dungeon.
             The game lasted 00:07:28 (5595 turns).

Kinoniko the Spear-Bearer (Ogre Fighter)            Turns: 5595, Time: 00:07:28

Health: -1/78      AC:  3    Str: 21    XL:     8   Next: 89%
Magic:  10/10      EV:  9    Int:  9    God:    Okawaru [***...]
Gold:   359        SH: 12    Dex: 10    Spells: 7/7 levels left

rFire    . . .     SeeInvis .   a - +4 trident
rCold    . . .     Faith    .   c - +3 kite shield
rNeg     . . .     Spirit   .   b - +0 robe
rPois    +         Reflect  .   (helmet restricted)
rElec    .         Harm     .   (no cloak)
rCorr    .         Rampage  .   (gloves unavailable)
MR       .....                  (boots unavailable)
Stlth    +.........             (no amulet)
HPRegen  0.23/turn              u - ring of poison resistance
MPRegen  0.12/turn              (no ring)

@: hasted, drained, very quick
A: large, unfitting armour, tough skin 1
a: Heroism, Renounce Religion


You were on level 6 of the Dungeon.
You worshipped Okawaru.
Okawaru was most pleased with you.
You visited 1 branch of the dungeon, and saw 6 of its levels.

You collected 359 gold pieces.

Inventory:

Hand Weapons
 a - a +4 trident (weapon)
Armour
 b - a +0 robe (worn)
 c - a +3 kite shield (worn)
Jewellery
 h - an uncursed ring of ice
 k - an uncursed ring of fire
 l - an uncursed ring of poison resistance
 u - a ring of poison resistance (left hand)
Wands
 d - a wand of disintegration (13)
 s - a wand of paralysis (4)
Scrolls
 g - 2 scrolls of fear
 i - a scroll of amnesia
 j - 2 scrolls of remove curse
 v - 2 scrolls of magic mapping
Potions
 e - a potion of resistance {unknown}
 f - a potion of heal wounds {unknown}
 o - a potion of brilliance {unknown}
 p - a potion of stabbing {unknown}
 r - a potion of magic {unknown}
 t - a potion of cancellation {unknown}


   Skills:
 - Level 4.0(3.3) Fighting
 * Level 8.7(8.0) Polearms
 - Level 2.6(2.0) Dodging
 + Level 6.0(5.4) Shields
 - Level 3.2(2.5) Invocations


You had 7 spell levels left.
You didn't know any spells.
Your spell library contained the following spells:

 Spells                   Type           Power        Failure   Level
 Confusing Touch          Hex            #.......     95%         3
 Gell's Gravitas          Tloc           #.........   95%         3
 Petrify                  Tmut/Erth      #.......     100%        4
 Metabolic Englaciation   Hex/Ice        #.........   100%        5
 Yara's Violent Unravell  Hex/Tmut       #.........   100%        5


Dungeon Overview and Level Annotations

Branches:
Dungeon (6/15)
 Temple: D:4-7

Altars:
Ashenzari
Cheibriados
Dithmenos
Fedhas
Okawaru
Trog
Zin

Shops:
D:4 (


Innate Abilities, Weirdness & Mutations

You are too large for most types of armour.
You have tough skin. (AC +1)


Message History

You completely miss the wight.
The wight is lightly damaged.
The wight hits you with a +1 falchion!
You are too injured to fight recklessly!
You are too injured to fight recklessly!
You are too injured to fight recklessly!
You are too injured to fight recklessly!
Unknown command.
You are too injured to fight recklessly!
You closely miss the wight.
The wight hits you with a +2 morningstar of freezing.
The wight freezes you.
You hit the wight but do no damage. The wight hits you with a +1 falchion!
You feel drained.
You puncture the wight!
The wight is heavily damaged.
The wight hits you with a +2 morningstar of freezing!
* * * LOW HITPOINT WARNING * * *
The wight freezes you!
You die...

#..# ##.......... #.#.
..........# #.#. ......... ##
#.#. ....... ... #.#. #. .....
.... #.#. #..######.# .B. .....
#.#. #....#....# #z#...... ##.#.
#.........######@z...... #..#.
...........##....)...### ##.##.
...........##.>......# # #..###
..................)...###. #.##
#.........................##)####
#.........###..............#)#...
......###.##...............).#...
....#.# #.##.................#...
....#.# #.##.....................


You could see a worker ant and 2 wights.

Vanquished Creatures
  Prince Ribbit (D:6)
  A black bear (D:6)
  An orc warrior (D:5)
  4 ogres
  A phantom (D:5)
  2 centaurs
  3 wights (D:6)
  A hound (D:5)
  2 orc priests
  A centaur skeleton (D:5)
  An orc wizard (D:6)
  2 jellies (D:5)
  A bullfrog skeleton (D:5)
  An iguana (D:4)
  A worker ant (D:5)
  2 worker ant zombies (D:5)
  7 adders
  A shadow imp (D:5)
  3 white imps
  An adder skeleton (D:4)
  A worm (D:4)
  A dart slug (D:3)
  3 leopard geckos
  14 orcs
  A ball python (D:3)
  5 bats
  7 giant cockroaches
  3 goblins
  5 hobgoblins
  5 quokkas
  4 frilled lizards
  4 kobolds
  A leopard gecko skeleton (D:6)
  A quokka skeleton (D:6)
  5 rats
97 creatures vanquished.

Notes
Turn   | Place    | Note
-------+----------+-------------------------------------------
     0 | D:1      | Kinoniko the Ogre Fighter began the quest for the Orb.
     0 | D:1      | Reached XP level 1. HP: 24/24 MP: 1/1
   161 | D:1      | Reached XP level 2. HP: 32/32 MP: 2/2
   781 | D:2      | Reached skill level 3 in Polearms
   853 | D:2      | Reached XP level 3. HP: 28/39 MP: 3/3
  1435 | D:3      | Found an iron altar of Okawaru.
  1443 | D:3      | Became a worshipper of Warmaster Okawaru
  1546 | D:3      | Reached XP level 4. HP: 48/48 MP: 4/4
  1551 | D:3      | Noticed a centaur
  1566 | D:3      | Killed a centaur
  1566 | D:3      | Reached skill level 4 in Polearms
  1566 | D:3      | Reached XP level 5. HP: 35/54 MP: 5/5
  1701 | D:3      | Found a bloodstained altar of Trog.
  2362 | D:4      | Reached * piety under Okawaru
  2715 | D:4      | Found a blossoming altar of Fedhas.
  2829 | D:4      | Found a snail-covered altar of Cheibriados.
  2832 | D:4      | Reached skill level 1 in Invocations
  2841 | D:4      | Found Oxkual's Weapon Shoppe.
  2875 | D:4      | Reached skill level 5 in Polearms
  2875 | D:4      | Reached XP level 6. HP: 41/62 MP: 6/6
  3064 | D:4      | Found a glowing silver altar of Zin.
  3288 | D:5      | Entered Level 5 of the Dungeon
  3299 | D:5      | Noticed a phantom
  3309 | D:5      | Killed a phantom
  3586 | D:5      | Reached XP level 7. HP: 51/70 MP: 8/8
  3697 | D:5      | Reached skill level 6 in Polearms
  3794 | D:5      | Found a broken altar of Ashenzari.
  3927 | D:5      | Found a shadowy altar of Dithmenos.
  4158 | D:5      | Reached ** piety under Okawaru
  4451 | D:5      | HP: 2/70 [orc warrior/+1 vorpal dire flail (6)]
  4454 | D:5      | Reached skill level 7 in Polearms
  4454 | D:5      | Reached skill level 5 in Shields
  4454 | D:5      | Reached XP level 8. HP: 10/78 MP: 10/10
  5389 | D:6      | Noticed Prince Ribbit
  5401 | D:6      | Killed Prince Ribbit
  5401 | D:6      | Reached skill level 8 in Polearms
  5588 | D:6      | Reached *** piety under Okawaru
  5595 | D:6      | Slain by a wight

Illustrated notes

Levels and vault maps discovered:
D:1:      dpeg_arrival_tiny_k, layout_rooms, minmay_crystal_water
D:2:      layout_basic
D:3:      layout_basic, lightli_temple_of_fire, okawaru_metal_pillars_3
D:4:      layout_loops_ring, lemuel_coloured_pillars_altar,
          fedhas_altar_fruit_tree, kennysheep_mini, serial_shops,
          kennysheep_mini_moat
D:5:      layout_rooms, nicolae_ashenzari_panopticon, grunt_dithmenos_shadows
D:6:      layout_rooms, uniq_prince_ribbit1

Skill      XL: |  1  2  3  4  5  6  7  8 |
---------------+-------------------------+-----
Polearms       | 3 4 5 7 8 |  8.7
Shields        | 3 4 5 6 |  6.0
Invocations    | 1 2 3 |  3.2
Fighting       | |  4.0
Dodging        | |  2.6

Action                   |  1- 3 |  4- 6 |  7- 9 || total
-------------------------+-------+-------+-------++-------
Melee: Trident           |   110 |   108 |   171 ||   389
Invok: Heroism           |       |       |     1 ||     1
  Use: Scroll            |     7 |     2 |     6 ||    15
       Potion            |       |     1 |     5 ||     6
 Stab: Sleeping          |     1 |       |       ||     1
Armor: Robe              |    28 |    16 |    10 ||    54
Dodge: Dodged            |    33 |    26 |    41 ||   100
Block: Kite shield       |    47 |    38 |    61 ||   146

Table legend: (Time is in decaauts)
 A = Elapsed time spent in this place.
 B = Non-inter-level travel time spent in this place.
 C = Inter-level travel time spent in this place.
 D = Time resting spent in this place.
 E = Time spent auto-exploring this place.
 F = Levels seen in this place.
 G = Mean time per level.
                   A        B        C        D        E       F      G
               +--------+--------+--------+--------+--------+-----+--------+
         Total |   5611 |   5442 |    169 |   1579 |   3041 |   6 |  935.2 |
       Dungeon |   5611 |   5442 |    169 |   1579 |   3041 |   6 |  935.2 |
               +--------+--------+--------+--------+--------+-----+--------+

Top non-repeatable levels by time:
     D:5: 1669 daAuts
     D:3: 1098 daAuts
     D:4: 981 daAuts
     D:2: 770 daAuts
     D:6: 599 daAuts
     D:1: 490 daAuts
